 Dungeon Crawl Stone Soup version 0.31-a0-819-gf6de2f5ab6 (webtiles) character file.

Game seed: 3989148871865818935

276961 AiryTheDragon the Eclecticist (level 19, -25/137 (140) HPs)
             Began as a Demonspawn Fire Elementalist on Sept 18, 2023.
             Was the Champion of Nemelex Xobeh.
             Killed from afar by a deep elf annihilator (76 damage)
             ... with a crystal spear
             ... on level 3 of the Elven Halls on Sept 24, 2023.
             The game lasted 15:55:55 (47934 turns).

AiryTheDragon the Eclecticist (DsFE)               Turns: 47934, Time: 15:56:01

HP:   -25/137 (140) AC: 24    Str: 14    XL:     19   Next: 59%
MP:   0/38          EV: 20    Int: 22    God:    Nemelex Xobeh [******]
Gold: 647           SH:  9    Dex: 27    Spells: 2/49 levels left

rFire   + + +        J - +6 double sword (elec)
rCold   + + .        y - +0 buckler of the Old and Reckless {Stlth+}
rNeg    . . .        o - +5 scale mail {rC+}
rPois   +            s - +2 hat of the Bear Spirit {Spirit, Bear, *Rage Will++}
rElec   .            A - +0 cloak "Ryurup" {Str+3 Int+2}
rCorr   .            Y - +2 pair of gloves {hurl}
SInv    +            F - +2 pair of boots {Fly}
Will    +++..        d - amulet of Tesmes {Harm +Inv Regen+ Dex+8 Slay-2}
Stlth   ++++         G - +4 ring of slaying
HPRegen 1.22/turn    R - ring of Qoys Bytunea {rPois rF+++ rC+ Dex+3 SInv}
MPRegen 0.26/turn

%: harm (+30% outgoing, +20% incoming), clarity, guardian spirit
@: flying, studying 4 skills, lightly drained
A: claws 2, foul stench 3, icemail 2, sturdy frame 2, condensation shield,
clarity, mutation resistance 1, MP-powered wands
}: 2/15 runes: decaying, gossamer
a: Renounce Religion, Evoke Invisibility, Draw Escape, Draw Destruction, Draw
Summoning, Triple Draw, Deal Four, Stack Five


You were on level 3 of the Elven Halls.
You worshipped Nemelex Xobeh.
Nemelex Xobeh was exalted by your worship.
You visited 7 branches of the dungeon, and saw 34 of its levels.
You also visited: Sewer, Bailey and Ice Cave.

You collected 5006 gold pieces.
You spent 4359 gold pieces at shops.

Inventory:

Hand Weapons
 J - a +6 double sword of electrocution (weapon)
 K - a +3 sling of flaming
 V - the +10 mace of Annoyance {freeze, rElec rF+}
   (You found it in an ice cave)

   rF+:       It protects you from fire.
   rElec:     It insulates you from electricity.
 X - the +6 shillelagh "Devastator" {shatter}
   (You found it on level 10 of the Dungeon)
Missiles
 j - 2 javelins
 v - 25 poisoned darts (quivered)
 L - 6 curare-tipped darts
 O - a dart of dispersal
Armour
 o - a +5 scale mail of cold resistance (worn)
 s - the +2 hat of the Bear Spirit (worn) {Spirit, Bear, *Rage Will++}
   (You acquired it on level 3 of the Lair of Beasts)

   Bear:      Going berserk makes the wearer exceptionally tough, and they are
   slowed for a shorter time afterward.
   Will++:    It greatly increases your willpower.
   *Rage:     It berserks you when you make melee attacks (+20% chance).
 y - the +0 buckler of the Old and Reckless (worn) {Stlth+}
   (You found it on level 1 of the Lair of Beasts)

   Stlth+:    It makes you more stealthy.
 A - the +0 cloak "Ryurup" (worn) {Str+3 Int+2}
   (You found it on level 2 of the Spider Nest)

   Str+3:     It affects your strength (+3).
   Int+2:     It affects your intelligence (+2).
 F - a +2 pair of boots of flying (worn)
 Y - a +2 pair of gloves of hurling (worn)
 Z - a +2 tower shield
Jewellery
 d - the amulet of Tesmes (around neck) {Harm +Inv Regen+ Dex+8 Slay-2}
   (You found it on level 1 of the Elven Halls)

   [amulet of regeneration]

   Dex+8:     It affects your dexterity (+8).
   Slay-2:    It affects your accuracy & damage with ranged weapons and melee
   (-2).
   +Inv:      It lets you turn invisible.
   Regen+:    It increases your rate of health regeneration.
   Harm:      It increases damage dealt and taken.
 m - a +6 ring of intelligence
 E - a ring of resist corrosion
 G - a +4 ring of slaying (left hand)
 M - the amulet "Gaylurgh" {Faith rCorr Stlth+}
   (You found it on level 1 of the Elven Halls)

   [amulet of faith]

   Faith:     It allows you to gain divine favour quickly.
   rCorr:     It protects you from acid and corrosion.
   Stlth+:    It makes you more stealthy.
 R - the ring of Qoys Bytunea (right hand) {rPois rF+++ rC+ Dex+3 SInv}
   (You found it on level 1 of the Lair of Beasts)

   [ring of protection from cold]

   Dex+3:     It affects your dexterity (+3).
   rF+++:     It renders you almost immune to fire.
   rC+:       It protects you from cold.
   rPois:     It protects you from poison SInv: It lets you see invisible.
 U - a ring of positive energy
Talismans
 a - a serpent talisman
 h - a flux talisman
Wands
 c - a wand of light (10)
 l - a wand of charming (4)
 r - a wand of polymorph (15)
 x - a wand of digging (2)
 B - a wand of mindburst (14)
 D - a wand of flame (32)
 Q - a wand of roots (3)
Scrolls
 f - 12 scrolls of fog
 n - a scroll of immolation
 p - 9 scrolls of poison
 t - a scroll of summoning
 w - 8 scrolls of teleportation
 H - 2 scrolls of fear
 S - 2 scrolls of revelation
Potions
 b - 2 potions of magic
 g - 3 potions of haste
 i - 3 potions of ambrosia
 k - 3 potions of curing
 u - 5 potions of enlightenment
 z - 7 potions of brilliance
 C - 2 potions of berserk rage
 P - 3 potions of resistance
 T - 2 potions of invisibility
 W - a potion of might
Miscellaneous
 I - a phantom mirror (inert)


   Skills:
 + Level 10.0 Fighting
 + Level 0.9(3.5) Short Blades
 + Level 5.5(5.6) Long Blades
 + Level 7.9(8.2) Maces & Flails
 + Level 3.2(6.0) Staves
 + Level 4.2 Throwing
 + Level 10.2 Armour
 * Level 10.0 Dodging
 + Level 4.4 Stealth
 * Level 12.3 Shields
 + Level 3.0 Unarmed Combat
 + Level 15.9 Spellcasting
 + Level 3.2 Conjurations
 + Level 6.5 Hexes
 * Level 8.9 Summonings
 * Level 13.0 Necromancy
 + Level 5.5 Translocations
 * Level 4.1 Transmutations
 + Level 10.4 Fire Magic
 + Level 7.1 Ice Magic
 * Level 0.8 Poison Magic
 + Level 4.1 Invocations
 + Level 5.7 Evocations
 + Level 7.0 Shapeshifting


You had 2 spell levels left.
You knew the following spells:

 Your Spells              Type           Power      Damage    Failure   Level
a - Foxfire               Conj/Fire      100%       2x1d9     1%          1
b - Scorch                Fire           100%       2d9       1%          2
c - Flame Wave            Conj/Fire      47%        2d12      3%          4
d - Vampiric Draining     Necr           66%        2d10      1%          3
e - Volatile Blastmotes   Fire/Tloc      100%       2d18      1%          3
f - Summon Ice Beast      Ice/Summ       52%        N/A       2%          4
g - Sticky Flame          Conj/Fire      47%        2d6       3%          4
h - Inner Flame           Hex/Fire       53%        N/A       1%          3
i - Ozocubu's Armour      Ice            49%        N/A       1%          3
j - Frozen Ramparts       Ice            98%        1d15      1%          3
k - Dazzling Flash        Conj/Hex       78%        N/A       2%          3
l - Call Imp              Summ           100%       N/A       1%          2
m - Dragon's Call         Summ           27%        N/A       100%        9
n - Ignite Poison         Fire/Tmut/Pois 40%        N/A       2%          3

Your spell library contained the following spells:

 Spells                   Type           Power      Damage    Failure   Level
 Freeze                   Ice            100%       1d10      1%          1
 Slow                     Hex            100%       N/A       1%          1
 Summon Small Mammal      Summ           100%       N/A       1%          1
 Lesser Beckoning         Tloc           84%        N/A       1%          2
 Call Canine Familiar     Summ           54%        N/A       1%          3
 Confusing Touch          Hex            46%        N/A       1%          3
 Gell's Gravitas          Tloc           42%        N/A       1%          3
 Hailstorm                Conj/Ice       40%        3d10      1%          3
 Sigil of Binding         Hex            46%        N/A       1%          3
 Teleport Other           Tloc           42%        N/A       1%          3
 Agony                    Necr           66%        N/A       1%          5
 Mephitic Cloud           Conj/Pois/Air  23%        N/A       10%         3
 Metabolic Englaciation   Hex/Ice        23%        N/A       10%         5
 Simulacrum               Ice/Necr       29%        N/A       14%         6
 Petrify                  Tmut/Erth      26%        N/A       24%         4
 Silence                  Hex/Air        16%        N/A       38%         5
 Ozocubu's Refrigeration  Ice            24%        4d12      95%         7
 Eringya's Noxious Bog    Tmut/Pois      14%        4d6       97%         6
 Conjure Ball Lightning   Conj/Air       12%        3x3d6     99%         6


Dungeon Overview and Level Annotations

Branches:
Dungeon (15/15)            Temple (1/1) D:7            Lair (5/5) D:11
  Swamp (4/4) Lair:2       Spider (4/4) Lair:3        Slime (0/5) Lair:5
    Orc (2/2) D:10            Elf (3/3) Orc:2        Vaults (0/5) D:14
  Sewer (visited)          Bailey (visited)           IceCv (visited)
 Depths: D:15

Altars:
Ashenzari
Cheibriados
Dithmenos
Fedhas
Gozag
Hepliaklqana
Kikubaaqudgha
Makhleb
Nemelex Xobeh
Okawaru
Qazlal
Ru
Sif Muna
Trog
Uskayaw
Vehumet
Wu Jian
Xom
Yredelemnul
Jiyva

Shops:
D:2 *   D:5 :   D:6 [   D:9 [   D:11 [   Orc:1 [   Orc:2 ==!(   Elf:1 [:
Elf:2 *[[   Elf:3 ?*[


Innate Abilities, Weirdness & Mutations

You have very sharp fingernails.
You frequently emit foul miasma when damaged in melee.
A meltable icy envelope protects you from harm. (AC +0)
Your movements are less encumbered by armour. (ER -4)
A meltable shield of frost defends you. (SH +0)
You possess an exceptional clarity of mind.
You are somewhat resistant to further mutation.
You expend magic power (3 MP) to strengthen your wands.


Message History

The deep elf high priest convulses!
The deep elf master archer shoots an arrow.
The arrow hits you!
The deep elf high priest closely misses you.
The deep elf master archer shoots an arrow.
The arrow closely misses you.
As you read the scroll of immolation, it crumbles to dust.
The creatures around you are filled with an inner flame!
The deep elf master archer shoots an arrow.
You block the arrow.
The deep elf master archer shoots an arrow.
You block the arrow.
You draw a card...
You have drawn the Illusion.
Suddenly you stand beside yourself.
The deep elf master archer shoots an arrow.
The arrow hits AiryTheDragon's illusion!
Okay, then.
As you read the scroll of summoning, it crumbles to dust.
Wisps of shadow whirl around you...
The deep elf annihilator barely misses you.
The deep elf high priest utters an invocation to its god.
The deep elf high priest begins emitting a brilliant aura!
The deep elf annihilator is empowered by the deep elf high priest's aura!
The deep elf master archer shoots an arrow.
The arrow closely misses your deep elf archer.
The arrow hits AiryTheDragon's illusion!
You don't have enough magic at the moment.
Casting: Summon Ice Beast (mildly dangerous; 2% risk of failure)
Confirm with . or Enter, or press ? or * to list all spells.
Flames lash the deep elf high priest.
Flame seeps out of the deep elf high priest.
The deep elf high priest is almost dead.
The deep elf high priest's fire resistance burns away.
The deep elf master archer shoots an arrow.
The arrow hits your deep elf archer!!
The deep elf annihilator gestures at you while chanting.
The crystal spear hits you!!!!
Ouch! That really hurt!
You die...
Your body glows with a rainbow of weird colours and disappears.

*,,,#ee###).#######..*##e.#,,,**
,,,##4e§(####.....####....##,,,*
***#3eN).)[...(.......e....#****
**#..[)))[.(.)#...§)..#**
####)...)|.......####
######..[[[..####
#########e##### #########Ce####
*** ##########@#### *,*
##########@#### **,**
##########e#### *,,,*
##########.#### **,,,** ##.##
*,,,,,* ##...## **,,,,,+
##..e..## *,,,,,,, ##.......##
**,,,,,,, #.........# *,,,,,,,,


You could see a deep elf master archer (inner flame, poisoned), a deep elf
annihilator (inner flame, empowered, ally target), a deep elf high priest (inner
flame, brilliance aura, slow, combustible, ally target), a friendly deep elf
archer (summoned, repels missiles), a friendly cyclops (summoned) and the
friendly AiryTheDragon's illusion (summoned).

Vanquished Creatures
  Asterion (Spider:1)
  4 deep elf blademasters
  A deep elf master archer (Elf:3)
  The ghost of bobo the Skinwalker, an adept DrSh of Gozag (Swamp:1)
  2 thorn hunters
  An azure jelly (IceCv)
  A fenstrider witch (Swamp:2)
  A deep elf sorcerer (Elf:3)
  3 emperor scorpions
  6 ghost moths
  An orc warlord (Orc:1)
  2 deep elf elementalists (Elf:3)
  3 broodmothers
  A quicksilver ooze (Spider:4)
  4 eleionomae
  3 bunyips
  A deep elf annihilator (Elf:2)
  3 spark wasps
  2 deep elf death magi (Elf:3)
  A fire dragon (D:14)
  An entropy weaver (Spider:3)
  An ice dragon (Swamp:4)
  Erolcha (Orc:2)
  A vault guard (Bailey)
  11 hydras
  3 alligators (Swamp:2)
  A spriggan air mage (Swamp:1)
  8 ghost crabs
  A jorogumo (Spider:2)
  4 centaur warriors
  A boulder beetle (Lair:5)
  2 radroaches
  A death scarab (Spider:4)
  17 dancing weapons
  3 two-headed ogres
  A deep troll shaman (Lair:5)
  An orc high priest (Elf:3)
  4 death yaks (Lair:3)
  10 demonic crawlers
  A tengu warrior (D:15)
  7 deep elf knights
  4 spriggans
  3 goliath frogs
  A sun moth (Spider:4)
  3 skeletal warriors (D:14)
  9 pharaoh ants
  8 spriggan druids
  Lodul (D:12)
  8 swamp dragons
  Pikel (D:8)
  8 orb spiders
  7 bog bodies
  6 steelbarb worms
  An orange crystal statue (Elf:1)
  A wizard (D:14)
  2 mana vipers (Lair:5)
  4 orc knights
  7 deep elf archers
  A harpy (Lair:5)
  26 deep elf zephyrmancers
  A glowing shapeshifter (Elf:2)
  18 deep elf pyromancers
  An oklob plant (Lair:1)
  3 ugly things (D:14)
  8 orc sorcerers
  3 cyclopes
  21 elephants
  5 will-o-the-wisps
  21 wolf spiders
  2 moths of wrath
  5 black mambas
  A guardian serpent (Lair:5)
  3 gargoyles
  A rust devil (D:8)
  An ice statue (IceCv)
  8 cane toads
  4 torpor snails
  5 apocalypse crabs (Swamp:2)
  Jeremiah (D:9)
  A komodo dragon (shapeshifter) (Elf:2)
  A yaktaur (shapeshifter) (D:15)
  2 rime drakes
  3 unseen horrors
  8 komodo dragons
  3 polar bears
  5 meliai
  8 trolls
  3 spectral tarantellas (Spider:4)
  21 tarantellas
  5 tyrant leeches
  A spectral jumping spider (Spider:4)
  A jumping spider zombie (Spider:4)
  A blink frog (shapeshifter) (D:13)
  A spectral culicivora (Spider:4)
  2 tarantella zombies (Spider:4)
  15 blink frogs
  2 hornets (Swamp:1)
  10 dream sheep
  15 slime creatures
  20 jumping spiders
  13 culicivoras
  Sigmund (D:4)
  A shadow (D:13)
  3 wyverns
  5 wraiths
  A hog (D:8)
  2 water elementals
  2 steam dragons
  A golden eye (Bailey)
  46 yaks
  A fire elemental (D:14)
  3 humans (Bailey)
  8 vampire mosquitoes
  53 redbacks
  7 wargs
  9 swamp worms
  9 water moccasins
  3 acid dragons
  6 swamp drakes
  2 ice beasts
  12 orc warriors
  2 sky beasts
  4 great orb of eyes simulacra (IceCv)
  12 ogres
  3 black bears
  9 wolves
  4 boggarts (D:15)
  8 centaurs
  4 kobold brigands
  5 slime creature simulacra (IceCv)
  2 lemures (D:8)
  21 bullfrogs
  3 scorpions
  An earth elemental (Elf:1)
  A glowing shapeshifter simulacrum (IceCv)
  4 killer bees
  10 nameless horrors
  A vampire bat (D:4)
  3 electric eels (D:11)
  2 howler monkeys (D:8)
  5 jellies
  6 hounds
  14 orc priests
  4 sleepcaps
  Crazy Yiuf (D:7)
  6 iguanas
  3 hell rats (Lair:4)
  37 orc wizards
  2 shapeshifter simulacra (IceCv)
  10 adders
  10 gnolls
  A river rat (Lair:2)
  A white imp (D:5)
  2 ufetubi
  4 worms
  4 dart slugs
  72 orcs
  13 bats
  4 bat skeletons (D:4)
  2 bat zombies (D:4)
  10 endoplasms
  13 giant cockroaches
  11 goblins
  10 hobgoblins
  6 jackals
  29 kobolds
  9 quokkas
  11 ball pythons
  12 frilled lizards
  7 rats
  A foxfire (D:3)
1070 creatures vanquished.

Vanquished Creatures (collateral kills)
  A deep elf master archer (Elf:3)
  A deep elf blademaster (Elf:3)
  A fire giant (D:14)
  3 deep elf sorcerers (Elf:3)
  2 deep elf elementalists (Elf:3)
  2 eleionomae
  A quicksilver ooze (IceCv)
  3 deep elf annihilators (Elf:3)
  2 deep elf demonologists
  A deep elf death mage (Elf:3)
  A deep elf high priest (Elf:3)
  A shambling mangrove (Swamp:4)
  A vault guard (Bailey)
  An alligator (Swamp:2)
  A centaur warrior (D:14)
  6 hydras
  A catoblepas (Lair:5)
  A jorogumo (Spider:3)
  A boulder beetle (D:10)
  A two-headed ogre (D:10)
  15 dancing weapons
  6 death scarabs (Spider:4)
  5 death yaks
  3 deep elf knights
  A spectral emperor scorpion (Spider:4)
  A pharaoh ant (Spider:4)
  A spriggan druid (Lair:2)
  A sun moth (Spider:3)
  A deep troll (D:14)
  2 bog bodies
  2 swamp dragons
  A steelbarb worm (Spider:4)
  An orb spider (Spider:4)
  3 deep elf zephyrmancers
  7 deep elf pyromancers
  2 spectral jorogumos (Spider:4)
  3 orc sorcerers
  A broodmother zombie (Spider:4)
  3 wolf spiders
  A moth of wrath (Spider:4)
  3 ugly things (D:14)
  2 cyclopes
  8 elephants
  An ice statue (IceCv)
  A moth of wrath (shapeshifter) (D:14)
  A torpor snail (Lair:5)
  A gargoyle (D:10)
  4 cane toads
  Maggie (D:7)
  2 komodo dragons
  3 spectral redbacks (Spider:4)
  A meliai (D:15)
  2 hornets
  A spectral culicivora (Spider:4)
  A troll (Orc:1)
  A tarantella zombie (Spider:4)
  Prince Ribbit (Bailey)
  A tyrant leech (Swamp:2)
  2 spectral tarantellas (Spider:4)
  A spectral jumping spider (Spider:4)
  A jumping spider zombie (Spider:4)
  3 tarantellas
  A culicivora zombie (Spider:4)
  5 blink frogs
  9 jumping spiders
  9 dream sheep
  2 culicivoras
  9 slime creatures
  2 water elementals (D:11)
  A wyvern (D:9)
  A fire elemental (Elf:2)
  13 yaks
  10 redbacks
  A fire bat (Lair:4)
  2 vampire mosquitoes
  5 swamp worms
  7 water moccasins
  5 swamp drakes
  11 orc warriors
  2 ogres (Orc:2)
  3 wolves
  A centaur (D:9)
  An earth elemental (Elf:2)
  2 bullfrogs (Lair:1)
  A gnoll sergeant (Orc:2)
  A hound (D:11)
  9 orc priests
  6 orc wizards
  A shapeshifter simulacrum (IceCv)
  A hell rat (Lair:4)
  A gnoll (Orc:2)
  21 orcs
  A goblin (Bailey)
  A kobold (D:11)
  4 foxfires
283 creatures vanquished.

Vanquished Creatures (others)
  A deep elf pyromancer (Elf:2)
  A nameless horror (D:9)
  An orc zombie (D:9)
  An orc (D:6)
  631 foxfires
635 creatures vanquished.

Grand Total: 1988 creatures vanquished

Notes
Turn   | Place    | Note
-------+----------+-------------------------------------------
     0 | D:1      | AiryTheDragon the Demonspawn Fire Elementalist began the
                  | quest for the Orb.
     0 | D:1      | Reached XP level 1. HP: 13/13 MP: 3/3
    76 | D:1      | Found a faded altar of an unknown god.
    84 | D:1      | Prayed at the altar of an unknown god.
    84 | D:1      | Became a worshipper of Nemelex Xobeh the Trickster
    84 | D:1      | Reached * piety under Nemelex Xobeh
   105 | D:1      | Received a gift from Nemelex Xobeh
   306 | D:1      | Gained mutation: A meltable shield of frost defends you.
                  | (SH +0) [demonic ancestry]
   306 | D:1      | Reached XP level 2. HP: 19/19 MP: 0/5
   683 | D:1      | Learned a level 2 spell: Scorch
  1195 | D:2      | Gained mutation: Your movements are slightly less
                  | encumbered by armour. (ER -2) [demonic ancestry]
  1195 | D:2      | Reached XP level 3. HP: 24/24 MP: 6/6
  1368 | D:2      | Found Zocuong's General Store.
  1428 | D:2      | Reached ** piety under Nemelex Xobeh
  1671 | D:2      | Reached skill level 1 in Armour
  2216 | D:2      | Gained mutation: You may rarely emit foul miasma when
                  | damaged in melee. [demonic ancestry]
  2216 | D:2      | Reached XP level 4. HP: 22/31 MP: 0/7
  2553 | D:3      | Reached skill level 1 in Invocations
  2554 | D:3      | Reached XP level 5. HP: 16/36 MP: 3/9
  2636 | D:3      | Received a gift from Nemelex Xobeh
  2707 | D:3      | Learned a level 4 spell: Flame Wave
  3009 | D:3      | Found a shimmering blue altar of Sif Muna.
  3585 | D:4      | Found a shadowy altar of Dithmenos.
  3689 | D:5      | Entered Level 5 of the Dungeon
  3712 | D:4      | Received a gift from Nemelex Xobeh
  3742 | D:4      | Found a snail-covered altar of Cheibriados.
  3753 | D:4      | Reached skill level 1 in Shields
  3808 | D:4      | Found an iron altar of Okawaru.
  3924 | D:4      | Reached *** piety under Nemelex Xobeh
  3941 | D:4      | Found a glowing drain.
  3953 | Sewer    | Entered a sewer
  3994 | Sewer    | Gained mutation: Your movements are less encumbered by
                  | armour. (ER -4) [demonic ancestry]
  3994 | Sewer    | Reached XP level 6. HP: 42/42 MP: 10/10
  3999 | Sewer    | Learned a level 3 spell: Vampiric Draining
  4328 | Sewer    | Reached skill level 3 in Spellcasting
  4453 | D:4      | Found an ancient bone altar of Kikubaaqudgha.
  4642 | D:4      | Received a gift from Nemelex Xobeh
  4830 | D:4      | Noticed Sigmund
  4838 | D:4      | Killed Sigmund
  4839 | D:4      | Gained mutation: A meltable icy envelope protects you from
                  | harm. (AC +0) [demonic ancestry]
  4839 | D:4      | Reached XP level 7. HP: 43/47 MP: 2/12
  5242 | D:5      | Reached skill level 1 in Fighting
  5362 | D:5      | Reached skill level 5 in Fire Magic
  5519 | D:5      | Found Kobi's Vocational Training.
  5601 | D:5      | Found a radiant altar of Vehumet.
  5612 | D:5      | Found a blossoming altar of Fedhas.
  5805 | D:5      | Learned a level 3 spell: Volatile Blastmotes
  5828 | D:5      | Reached skill level 4 in Spellcasting
  5828 | D:5      | Reached skill level 1 in Ice Magic
  5828 | D:5      | Reached XP level 8. HP: 45/54 MP: 6/14
  6300 | D:6      | Found Exydywuf's Armour Shoppe.
  6376 | D:6      | Bought a +1 cloak for 161 gold pieces
  6505 | D:6      | Received a gift from Nemelex Xobeh
  6606 | D:6      | Reached **** piety under Nemelex Xobeh
  6925 | D:6      | Reached skill level 5 in Spellcasting
  6997 | D:6      | Reached skill level 1 in Evocations
  7217 | D:7      | Reached XP level 9. HP: 59/59 MP: 2/16
  7450 | D:7      | Received a gift from Nemelex Xobeh
  7515 | D:7      | Noticed Maggie
  7519 | D:7      | Killed Maggie
  7558 | D:7      | Found a staircase to the Ecumenical Temple.
  7567 | Temple   | Entered the Ecumenical Temple
  7647 | D:7      | Found a runed translucent door.
  7655 | D:7      | Noticed Crazy Yiuf
  7661 | D:7      | Killed Crazy Yiuf
  8145 | D:7      | Reached skill level 1 in Necromancy
  8251 | D:7      | Received a gift from Nemelex Xobeh
  8642 | D:8      | Noticed Pikel
  8644 | D:8      | Noticed Psyche
  8707 | D:8      | Reached skill level 1 in Staves
  8825 | D:8      | Found a stormy altar of Qazlal.
  9069 | D:8      | Noticed Psyche
  9080 | D:8      | Killed Psyche the warg
  9081 | D:8      | Gained mutation: You have sharp fingernails. [demonic
                  | ancestry]
  9081 | D:8      | Reached XP level 10. HP: 60/69 MP: 2/18
  9111 | D:8      | Noticed Amaemon
  9113 | D:8      | Killed Pikel
  9114 | D:8      | Reached skill level 6 in Spellcasting
  9117 | D:8      | Noticed an orange demon
  9120 | D:8      | Amaemon changed into Amaemon the hog
  9120 | D:8      | Noticed Amaemon
  9120 | D:8      | an orange demon changed into a rust devil
  9120 | D:8      | Noticed a rust devil
  9123 | D:8      | Killed Amaemon the hog
  9127 | D:8      | Killed a rust devil
  9438 | D:8      | Upgraded the game from 0.31-a0-774-g0d66cbabe8 to
                  | 0.31-a0-795-g5eb97db20b
  9480 | D:8      | Reached ***** piety under Nemelex Xobeh
  9480 | D:8      | Received a gift from Nemelex Xobeh
  9776 | D:8      | Learned a level 4 spell: Summon Ice Beast
  9931 | D:9      | Noticed a two-headed ogre
  9945 | D:9      | Killed a two-headed ogre
  9948 | D:9      | Noticed Jeremiah
 10147 | D:9      | Killed Jeremiah
 10259 | D:9      | Reached skill level 5 in Shields
 10588 | D:9      | Received a gift from Nemelex Xobeh
 10632 | D:9      | Found an ornate altar of the Wu Jian Council.
 11201 | D:9      | Found Tarhunz's Dragon-Slaying Spoils.
 11203 | D:9      | Noticed a nameless horror
 11207 | D:9      | Killed a nameless horror
 11208 | D:9      | Killed a nameless horror
 11370 | D:10     | Entered Level 10 of the Dungeon
 11431 | D:10     | Received a gift from Nemelex Xobeh
 11489 | D:10     | Noticed a nameless horror
 11493 | D:10     | Killed a nameless horror
 11623 | D:10     | Found a basalt altar of Yredelemnul.
 11630 | D:10     | Reached skill level 1 in Summonings
 11660 | D:10     | Noticed a nameless horror
 11663 | D:10     | Found a bloodstained altar of Trog.
 11667 | D:10     | Killed a nameless horror
 11743 | D:10     | Found a flagged portal.
 11744 | D:10     | Received a gift from Nemelex Xobeh
 11758 | D:10     | Found a staircase to the Orcish Mines.
 11760 | Bailey   | Entered a bailey
 11815 | Bailey   | Learned a level 4 spell: Sticky Flame
 11936 | Bailey   | Gained mutation: You sometimes emit foul miasma when
                  | damaged in melee. [demonic ancestry]
 11936 | Bailey   | Reached XP level 11. HP: 73/76 MP: 4/20
 12089 | Bailey   | Noticed a vault guard
 12099 | Bailey   | Killed a vault guard
 12129 | Bailey   | Noticed Prince Ribbit
 12129 | Bailey   | Noticed a vault guard
 12138 | Bailey   | Killed a vault guard
 12140 | Bailey   | Killed Prince Ribbit
 12141 | Bailey   | Reached skill level 5 in Evocations
 12289 | D:10     | Found the +6 shillelagh "Devastator" {shatter}
 12361 | D:10     | Noticed a two-headed ogre
 12361 | D:10     | Noticed a boulder beetle
 12370 | D:10     | Killed a two-headed ogre
 12399 | D:10     | Killed a boulder beetle
 12400 | D:10     | Reached skill level 5 in Dodging
 12405 | D:10     | Reached skill level 5 in Armour
 12500 | D:10     | Received a gift from Nemelex Xobeh
 12946 | Orc:1    | Entered Level 1 of the Orcish Mines
 12952 | Orc:1    | Reached skill level 7 in Spellcasting
 12975 | Orc:1    | Noticed an orc warlord
 12976 | Orc:1    | Reached skill level 1 in Shapeshifting
 12978 | Orc:1    | Noticed an orc sorcerer
 12989 | Orc:1    | Killed an orc sorcerer
 12995 | Orc:1    | Killed an orc warlord
 13133 | Orc:1    | Received a gift from Nemelex Xobeh
 13246 | Orc:2    | Entered Level 2 of the Orcish Mines
 13304 | Orc:2    | Found a staircase to the Elven Halls.
 13463 | Orc:1    | Found Hofenitt's Armour Emporium.
 13468 | Orc:1    | Found a frozen archway.
 13475 | IceCv    | Entered an ice cave
 13490 | IceCv    | Reached XP level 12. HP: 52/84 MP: 2/22
 13585 | IceCv    | Received a gift from Nemelex Xobeh
 13967 | IceCv    | Reached skill level 5 in Fighting
 14615 | IceCv    | Learned a level 3 spell: Inner Flame
 14895 | IceCv    | Noticed a quicksilver ooze
 14902 | IceCv    | Killed a quicksilver ooze
 14903 | IceCv    | Noticed an azure jelly
 14913 | IceCv    | Killed an azure jelly
 14996 | IceCv    | Found a viscous altar of Jiyva.
 15014 | IceCv    | Got a gaudy book
 15024 | IceCv    | Got the +10 mace of Annoyance {freeze, rElec rF+}
 15157 | Orc:1    | Reached skill level 5 in Ice Magic
 15301 | Orc:1    | Bought a +4 scale mail of cold resistance for 496 gold
                  | pieces
 15628 | Orc:2    | Reached skill level 1 in Translocations
 15830 | Orc:2    | Received a gift from Nemelex Xobeh
 16356 | Orc:2    | Reached skill level 8 in Spellcasting
 16378 | Orc:2    | Found Urhorr's Jewellery Shoppe.
 16604 | Orc:2    | Bought an amulet of reflection for 390 gold pieces
 16680 | Orc:2    | Found Pem Wehe's Jewellery Emporium.
 16776 | Orc:2    | Learned a level 3 spell: Ozocubu's Armour
 16791 | Orc:2    | Found an ancient bone altar of Kikubaaqudgha.
 16829 | Orc:2    | Noticed Erolcha
 16950 | Orc:2    | Killed Erolcha
 16951 | Orc:2    | Reached skill level 1 in Maces & Flails
 16951 | Orc:2    | Reached XP level 13. HP: 90/93 MP: 2/25
 17096 | Orc:2    | Found Anyot's Distillery.
 17180 | Orc:2    | Found Fantiyp's Antique Weapon Shoppe.
 17191 | Orc:2    | Bought a potion of mutation for 104 gold pieces
 17191 | Orc:2    | Bought a potion of degeneration for 13 gold pieces
 17192 | Orc:2    | Gained mutation: You expend magic power (3 MP) to
                  | strengthen your wands. [potion of mutation]
 17192 | Orc:2    | Gained mutation: You are somewhat resistant to further
                  | mutation. [potion of mutation]
 17192 | Orc:2    | Gained mutation: You possess an exceptional clarity of
                  | mind. [potion of mutation]
 17252 | Orc:2    | Found a radiant altar of Vehumet.
 17482 | Orc:2    | Upgraded the game from 0.31-a0-795-g5eb97db20b to
                  | 0.31-a0-799-g6bc09d010c
 17834 | D:11     | Found Joqi's Antique Armour Emporium.
 17996 | D:11     | Found a staircase to the Lair.
 19003 | D:11     | Received a gift from Nemelex Xobeh
 19063 | D:11     | Reached skill level 1 in Throwing
 19425 | Lair:1   | Entered Level 1 of the Lair of Beasts
 19425 | Lair:1   | Reached ****** piety under Nemelex Xobeh
 19426 | Lair:1   | Identified the +0 buckler of the Old and Reckless {Stlth+}
 19508 | Lair:1   | Identified the ring of Qoys Bytunea {rPois rF+++ rC+ Dex+3
                  | SInv}
 19950 | Lair:1   | Received a gift from Nemelex Xobeh
 20279 | Lair:1   | Received a gift from Nemelex Xobeh
 20316 | Lair:1   | Reached skill level 5 in Summonings
 20936 | Lair:2   | Reached skill level 1 in Hexes
 21161 | Lair:2   | Received a gift from Nemelex Xobeh
 21812 | Lair:2   | Reached skill level 9 in Spellcasting
 21982 | Lair:2   | Found a staircase to the Swamp.
 22137 | Lair:2   | Received a gift from Nemelex Xobeh
 22290 | Lair:2   | Reached XP level 14. HP: 103/103 MP: 24/27
 22294 | Lair:2   | Learned a level 3 spell: Frozen Ramparts
 22783 | Lair:3   | Identified a scroll of acquirement
 22784 | Lair:3   | Acquired the +2 hat of the Bear Spirit {Spirit, Bear, *Rage
                  | Will++}
 22784 | Lair:3   | Found the +2 hat of the Bear Spirit {Spirit, Bear, *Rage
                  | Will++}
 23255 | Lair:3   | Received a gift from Nemelex Xobeh
 23529 | Lair:3   | Found a hole to the Spider Nest.
 23716 | Lair:3   | Received a gift from Nemelex Xobeh
 23867 | Lair:4   | Reached skill level 5 in Necromancy
 24339 | Lair:4   | Received a gift from Nemelex Xobeh
 24412 | Lair:4   | Reached skill level 10 in Spellcasting
 24564 | Lair:4   | You fall into a shaft and drop 1 floor!
 24564 | Lair:5   | Entered Level 5 of the Lair of Beasts
 24607 | Lair:5   | Reached skill level 5 in Maces & Flails
 24608 | Lair:5   | Reached skill level 5 in Translocations
 24671 | Lair:5   | Reached skill level 5 in Hexes
 24983 | Lair:5   | Gained mutation: You have very sharp fingernails. [demonic
                  | ancestry]
 24983 | Lair:5   | Reached XP level 15. HP: 108/110 MP: 14/29
 25364 | Lair:5   | Reached skill level 1 in Unarmed Combat
 25581 | Lair:5   | Identified the staff "Likhlunu" {Dex+3 SInv Earth}
 25689 | Lair:5   | Found a runed translucent door.
 25728 | Lair:5   | Found a viscous altar of Jiyva.
 25728 | Lair:5   | Found a staircase to the Slime Pits.
 25765 | Lair:5   | Learned a level 3 spell: Dazzling Flash
 25876 | Lair:5   | Received a gift from Nemelex Xobeh
 26672 | Lair:4   | Upgraded the game from 0.31-a0-799-g6bc09d010c to
                  | 0.31-a0-806-g0bc164a743
 26721 | Swamp:1  | Entered Level 1 of the Swamp
 26737 | Lair:2   | Reached skill level 11 in Spellcasting
 27057 | Elf:1    | Entered Level 1 of the Elven Halls
 27062 | Elf:1    | Received a gift from Nemelex Xobeh
 27454 | Elf:1    | Identified the amulet "Gaylurgh" {Faith rCorr Stlth+}
 27459 | Elf:1    | Identified the amulet of Tesmes {Harm +Inv Regen+ Dex+8
                  | Slay-2}
 27674 | Elf:1    | Received a gift from Nemelex Xobeh
 27707 | Elf:1    | Found Woemn's Armour Shop.
 27788 | Elf:1    | Got a vibrating book
 27992 | Elf:1    | Received a gift from Nemelex Xobeh
 28063 | Elf:1    | Found Rato's Self-Improvement Boutique.
 28203 | Elf:1    | Found a radiant altar of Vehumet.
 28263 | Elf:2    | Found Luxtuak's Antique Armour Shoppe.
 28327 | Elf:2    | Found Rehoxz Dimac's General Store.
 28922 | Elf:2    | Received a gift from Nemelex Xobeh
 28951 | Elf:2    | Noticed a deep elf blademaster
 29045 | Elf:2    | Identified the +2 long sword of Bellicose Expedience
                  | {flame, rElec Str+2}
 29050 | Elf:2    | Reached skill level 12 in Spellcasting
 29057 | Elf:2    | Killed a deep elf blademaster
 29058 | Elf:2    | Gained mutation: You frequently emit foul miasma when
                  | damaged in melee. [demonic ancestry]
 29058 | Elf:2    | Reached XP level 16. HP: 67/117 MP: 16/32
 29176 | Elf:2    | Found a huge runed translucent gate.
 29176 | Elf:2    | Found a huge runed translucent gate.
 29177 | Elf:2    | Found a huge runed translucent gate.
 29178 | Elf:2    | Found a huge runed translucent gate.
 29179 | Elf:2    | Found a huge runed translucent gate.
 29766 | D:13     | Received a gift from Nemelex Xobeh
 30073 | D:13     | Received a gift from Nemelex Xobeh
 30918 | D:12     | Noticed Lodul
 30922 | D:12     | Killed Lodul
 30943 | D:12     | Reached skill level 13 in Spellcasting
 31288 | D:12     | Received a gift from Nemelex Xobeh
 31309 | D:12     | Upgraded the game from 0.31-a0-806-g0bc164a743 to
                  | 0.31-a0-810-ga77100ea1a
 31650 | Elf:1    | Bought a manual of Shields for 1200 gold pieces
 31805 | D:14     | Learned a level 2 spell: Call Imp
 32178 | D:14     | Acquired a +0 pair of boots of flying
 32514 | D:14     | Received a gift from Nemelex Xobeh
 32686 | D:14     | Got a vellum book
 32746 | D:14     | Found a gate to the Vaults.
 32758 | D:14     | Identified the -1 long sword of Nyaroule {heavy, Int+3}
 33006 | D:15     | Entered Level 15 of the Dungeon
 33180 | D:15     | Received a gift from Nemelex Xobeh
 33958 | Swamp:1  | Noticed a thorn hunter
 33972 | Lair:2   | Reached skill level 14 in Spellcasting
 34218 | Swamp:1  | Killed a thorn hunter
 34369 | Swamp:1  | Reached skill level 1 in Long Blades
 34376 | Swamp:1  | Gained mutation: A meltable icy envelope protects you from
                  | harm. (AC +0) [demonic ancestry]
 34376 | Swamp:1  | Reached XP level 17. HP: 125/125 MP: 20/35
 34448 | Swamp:1  | Learned a level 9 spell: Dragon's Call
 34475 | Swamp:1  | Found a runed translucent door.
 34642 | Swamp:1  | Received a gift from Nemelex Xobeh
 35521 | Swamp:2  | Found a sparkling altar of Nemelex Xobeh.
 35694 | Swamp:2  | Found a runed translucent door.
 36188 | Swamp:2  | Reached skill level 10 in Fire Magic
 36643 | Swamp:1  | Noticed bobo's ghost (adept DrSh)
 36650 | Swamp:1  | Identified the +1 spear of Dithmenos's Scorn {flame, *Noise
                  | rElec Will++ SInv}
 36806 | Swamp:1  | Killed bobo's ghost
 37095 | Swamp:3  | Received a gift from Nemelex Xobeh
 37336 | Swamp:4  | Entered Level 4 of the Swamp
 37601 | Swamp:4  | Received a gift from Nemelex Xobeh
 37678 | Swamp:4  | Reached skill level 15 in Spellcasting
 37763 | Swamp:4  | Reached skill level 10 in Shields
 37942 | Swamp:4  | Reached skill level 10 in Armour
 38239 | Swamp:4  | Got a decaying rune of Zot
 38442 | Spider:1 | Entered Level 1 of the Spider Nest
 39023 | Spider:1 | Reached skill level 5 in Shapeshifting
 39351 | Spider:1 | Received a gift from Nemelex Xobeh
 39489 | Spider:1 | Noticed Asterion
 39503 | Spider:1 | Killed Asterion
 39504 | Spider:1 | Reached XP level 18. HP: 108/134 MP: 9/37
 39797 | Spider:2 | Reached skill level 10 in Necromancy
 40084 | Spider:2 | Identified the +0 cloak "Ryurup" {Str+3 Int+2}
 40272 | Spider:2 | Received a gift from Nemelex Xobeh
 41564 | Spider:3 | Learned a level 3 spell: Ignite Poison
 41635 | Spider:3 | Received a gift from Nemelex Xobeh
 42058 | Spider:3 | Reached skill level 1 in Transmutations
 42429 | Spider:3 | Received a gift from Nemelex Xobeh
 43147 | Spider:4 | Entered Level 4 of the Spider Nest
 43853 | Spider:4 | Received a gift from Nemelex Xobeh
 44505 | Spider:4 | Reached skill level 5 in Long Blades
 44714 | Spider:4 | Identified the +3 demon trident of an ice cave {venom,
                  | rPois rF+ rCorr}
 44748 | Spider:4 | Got a gossamer rune of Zot
 44847 | Spider:4 | Reached XP level 19. HP: 140/140 MP: 16/38
 45239 | Lair:3   | Upgraded the game from 0.31-a0-810-ga77100ea1a to
                  | 0.31-a0-819-gf6de2f5ab6
 45478 | Elf:1    | Bought a manual of Dodging for 1200 gold pieces
 45927 | Elf:2    | Found Vuocw's Armour Boutique.
 45976 | Elf:2    | Received a gift from Nemelex Xobeh
 46744 | Elf:2    | Bought a potion of berserk rage for 80 gold pieces
 46744 | Elf:2    | Bought a scroll of fog for 64 gold pieces
 46744 | Elf:2    | Bought a scroll of teleportation for 48 gold pieces
 46786 | Elf:3    | Entered Level 3 of the Elven Halls
 47071 | Elf:3    | Found Emipeteg's Antique Armour Boutique.
 47085 | Elf:3    | Found Meoloor's Assorted Antiques.
 47139 | Elf:3    | Found Byabriur's Magic Scroll Shop.
 47141 | Elf:3    | Bought a wand of roots (4) for 288 gold pieces
 47215 | Elf:3    | Received a gift from Nemelex Xobeh
 47276 | Elf:3    | Bought a scroll of fog for 56 gold pieces
 47276 | Elf:3    | Bought a scroll of enchant weapon for 105 gold pieces
 47276 | Elf:3    | Bought a scroll of immolation for 56 gold pieces
 47276 | Elf:3    | Bought a scroll of teleportation for 42 gold pieces
 47276 | Elf:3    | Bought a scroll of poison for 56 gold pieces
 47361 | Elf:3    | Identified the +4 spear of the Sea {spect, rF- Int+3
                  | Stlth+}
 47404 | Elf:3    | Identified the +3 leather armour of Vanity {*Slow rN++
                  | Int+4 Slay+2}
 47404 | Elf:3    | Identified the ring "Pehattyo" {MP+9 Slay+3}
 47414 | Elf:3    | Reached skill level 10 in Fighting
 47733 | Elf:3    | Identified the +4 quarterstaff "Iptoaqyw" {flame, Contam
                  | rN++ Will- rCorr Int+2 Dex+4}
 47736 | Elf:3    | Reached skill level 10 in Dodging
 47934 | Elf:3    | Killed from afar by a deep elf annihilator

Illustrated notes

Levels and vault maps discovered:
D:1:      lightli_arrival_boilingwater, layout_basic, basic_ecumenical_altar
D:2:      layout_basic, serial_shops, nicolae_lakefront_shop
D:3:      layout_basic, kennysheep_orc_sif_temple, amethyst_killhole
D:4:      kb_forest_paths, layout_basic, mainiacjoe_overflow_brackets,
          nicolae_overflow_crystal_walls, kennysheep_vampire_church,
          zin_statuary, okawaru_altar_gauntlet_db, portal_sewer_entry_a,
          uniq_sigmund
D:5:      layout_loops_cross, minmay_overflow_temple_star_quad,
          general_overflow_altar, skrybe_limestone_x, nicolae_shop_vocational
D:6:      layout_cave_pools, serial_shops, shop
D:7:      layout_cave_pods, lemuel_temple_firewalk_b, corner_web_ring,
          uniq_crazy_yiuf_cottage, uniq_maggie
D:8:      layout_loops_ring, grunt_qazlal_clouds, nicolae_hexahallways,
          minmay_hedge_maze, kennysheep_crisscross, roderic_batcave, uniq_pikel,
          uniq_psyche, uniq_amaemon
D:9:      layout_loops_ring, nzn_wu_jian_council_hall,
          nicolae_shop_dragon_depot, st_stairs_13, uniq_jeremiah
D:10:     layout_loops_corners, mainiacjoe_overflow_catwalk, lemuel_round_altar,
          orc_0_dummy, enter_bailey_5, dk_noncrumbling_3, serial_bayou_pond_e,
          dilly_guarded_unrand_devastator
D:11:     layout_long_grid, erik_lair_island, serial_co_window_serial,
          co_window_corner_a, co_window_paths_a, co_window_corner_a,
          co_window_paths_b, co_window_paths_b, co_window_of_opportunity_c,
          co_window_cross_3, co_window_2corner, co_window_corner_cb,
          co_window_4corner_b, glass_columns_c, glass_columns_a, serial_shops,
          shop
D:12:     layout_roguey, special_room [special_room_orc], worms_lemuel,
          uniq_lodul
D:13:     layout_irregular_city
D:14:     minmay_diamond_stairs, layout_gridville, erik_vaults_1,
          kennysheep_path_1, nooodl_orcs_dogs
D:15:     grunt_enter_depths_hoard, layout_gridville, minmay_stone_trees_small
Temple:   nicolae_temple_superstar
Lair:1:   layout_regular_city, minmay_lair_oklob_items, lemuel_fruit_tree,
          grunt_megastairs_3
Lair:2:   layout_long_grid, skrybe_swamp_entry_bodies, pond
Lair:3:   layout_chaotic_city, spider_nest_entry_rubble,
          infiniplex_staircase_pool_2, grunt_megastairs_1
Lair:4:   layout_loops_ring, basic_altar, chequers_serial_rivers_micro_c
Lair:5:   grunt_lair_end_beastmaster, layout_cave_shapes, slime_entry_2,
          serial_bayou_shore_b
Swamp:1:  layout_falls_marsh, ebering_ghost_funeral_grove, nicolae_swamp_oxbows
Swamp:2:  gammafunk_mikee_crab_dinner, layout_basic_swamp,
          lemuel_altar_in_water, swamp_pool5
Swamp:3:  layout_basic_swamp, nicolae_swamp_fairy_circle,
          beargit_elvish_explorers
Swamp:4:  swamp_alternative, layout_basic_swamp
Spider:1: layout_spider_delve, uniq_asterion
Spider:2: layout_spider_delve
Spider:3: layout_chambers
Spider:4: floodkiller_spider_rune_tomb, nicolae_spider_webbed_stairs
Orc:1:    layout_caves, serial_shops, shop, portal_ice_cave_rime
Orc:2:    kennysheep_orc_mage_school, layout_caves, uniq_erolcha
Elf:1:    minmay_elf_arrival_summoners, layout_loops_corners, basic_altar,
          serial_shops, shop, minmay_elf_demonology, minivault_15,
          nicolae_shop_self_help
Elf:2:    elven_hall_of_blades_hangedman_alternative
          [nicolae_blade_little_rooms], layout_geoelf_octagon, serial_shops,
          shop, shop, shop, grunt_megastairs_5
Elf:3:    minmay_elf_hall_furrowed, layout_geoelf_grid, serial_shops,
          nicolae_shop_tiny_waterfront, serial_sigils_hangedman_shear,
          minmay_shoptagon

Skill      XL: |  1  2  3  4  5  6  7  8  9 10 11 12 13 14 15 16 17 18 19 |
---------------+----------------------------------------------------------+-----
Fire Magic     | 3 4 5 6 7 8 9 10 | 10.4
Stealth        | 2 3 4 |  4.4
Dodging        | 2 3 4 5 6 7 8 10 | 10.0
Armour         | 1 2 3 4 5 6 7 8 9 10 | 10.2
Invocations    | 1 4 |  4.1
Shields        | 2 3 4 5 6 7 8 9 10 11 12 | 12.3
Spellcasting   | 3 4 5 6 7 8 9 10 12 14 15 | 15.9
Fighting       | 1 2 3 4 6 7 8 9 10 | 10.0
Ice Magic      | 1 2 3 4 5 6 7 |  7.1
Evocations     | 1 2 4 5 |  5.7
Necromancy     | 2 3 4 5 6 8 9 12 13 | 13.0
Staves         | 1 2 3 |  3.2
Conjurations   | 2 3 |  3.2
Summonings     | 1 2 4 5 6 7 8 |  8.9
Shapeshifting  | 1 3 4 5 6 7 |  7.0
Translocations | 2 4 5 |  5.5
Maces & Flails | 1 4 5 6 7 |  7.9
Throwing       | 1 2 3 4 |  4.2
Hexes          | 3 5 6 |  6.5
Unarmed Combat | 3 |  3.0
Long Blades    | 1 3 5 |  5.5
Transmutations | 2 4 |  4.1
Short Blades   | |  0.9
Poison Magic   | |  0.8

Action                     |  1- 3 |  4- 6 |  7- 9 | 10-12 | 13-15 | 16-18 | 19-21 || total
---------------------------+-------+-------+-------+-------+-------+-------+-------++-------
  Melee: Unarmed           |     3 |       |       |       |   120 |       |       ||   123
         Whip              |    94 |       |       |       |       |       |       ||    94
         Short sword       |    11 |    17 |       |       |       |       |       ||    28
         Punch             |     1 |       |     6 |     1 |       |       |       ||     8
         Dagger            |       |    75 |    40 |       |       |       |       ||   115
         Falchion          |       |    23 |       |       |       |       |       ||    23
         Staff             |       |       |    35 |     5 |       |       |       ||    40
         Quarterstaff      |       |       |    37 |   140 |       |       |       ||   177
         Trident           |       |       |       |    12 |    23 |       |       ||    35
         Shillelagh        |       |       |       |     4 |       |       |       ||     4
         Mace              |       |       |       |    34 |   613 |   119 |       ||   766
         Double sword      |       |       |       |       |       |   620 |    98 ||   718
  Throw: Dart              |       |       |     1 |    24 |    44 |    43 |    16 ||   128
         Boomerang         |       |       |       |       |    12 |     5 |       ||    17
         Javelin           |       |       |       |       |       |     3 |     9 ||    12
   Cast: Foxfire           |    28 |    13 |    33 |   139 |    48 |    80 |     3 ||   344
         Scorch            |    14 |    49 |   103 |   178 |   222 |   297 |    35 ||   898
         Volatile Blastmot |       |       |     6 |    10 |     2 |       |       ||    18
         Flame Wave        |       |       |     3 |     5 |    17 |    31 |       ||    56
         Vampiric Draining |       |       |     1 |     1 |     3 |       |       ||     5
         Summon Ice Beast  |       |       |       |    57 |   109 |   191 |    31 ||   388
         Sticky Flame      |       |       |       |     1 |     3 |     5 |       ||     9
         Inner Flame       |       |       |       |     3 |    21 |    91 |    34 ||   149
         Frozen Ramparts   |       |       |       |       |     5 |     7 |     1 ||    13
         Ozocubu's Armour  |       |       |       |       |     3 |     3 |     2 ||     8
         Dazzling Flash    |       |       |       |       |     2 |       |     1 ||     3
         Call Imp          |       |       |       |       |       |   158 |    35 ||   193
         Ignite Poison     |       |       |       |       |       |       |     2 ||     2
 Invoke: Draw Destruction  |       |     3 |     5 |    29 |    47 |     9 |     8 ||   101
         Draw Escape       |       |       |     1 |     7 |    13 |     5 |     5 ||    31
         Draw Summoning    |       |       |     1 |    20 |    19 |    15 |     6 ||    61
         Triple Draw       |       |       |       |     1 |       |       |       ||     1
         Draw Stack        |       |       |       |       |     5 |       |       ||     5
         Stack Five        |       |       |       |       |     1 |       |       ||     1
  Evoke: Wand              |       |       |       |    19 |    13 |     6 |     4 ||    42
         Phantom mirror    |       |       |       |       |       |       |     1 ||     1
    Use: Scroll            |       |     4 |     3 |    11 |    20 |     7 |    11 ||    56
         Potion            |       |       |       |     4 |     6 |     5 |     7 ||    22
   Stab: Sleeping          |     2 |     2 |     3 |     1 |     7 |    11 |       ||    26
         Petrified         |       |       |       |     9 |       |       |       ||     9
         Confused          |       |       |       |     1 |       |       |       ||     1
         Distracted        |       |       |       |     1 |     6 |    21 |     2 ||    30
         Paralysed         |       |       |       |       |       |     2 |       ||     2
 Armour: Robe              |    17 |       |       |       |       |       |       ||    17
         Leather armour    |    24 |       |       |       |       |       |       ||    24
         Ring mail         |    36 |    84 |   113 |   190 |       |       |       ||   423
         Scale mail        |       |       |       |    45 |   707 |  1256 |   250 ||  2258
  Dodge: Dodged            |    52 |    68 |    85 |   215 |   452 |   898 |   114 ||  1884
  Block: Other             |    14 |    20 |    20 |    38 |    49 |       |       ||   141
         Tower shield      |    30 |       |       |       |       |       |       ||    30
         Buckler           |       |       |       |       |   720 |   800 |   114 ||  1634
         Reflection        |       |       |       |       |     6 |       |       ||     6

Table legend: (Time is in decaauts)
 A = Elapsed time spent in this place.
 B = Non-inter-level travel time spent in this place.
 C = Inter-level travel time spent in this place.
 D = Time resting spent in this place.
 E = Time spent auto-exploring this place.
 F = Levels seen in this place.
 G = Mean time per level.
                   A        B        C        D        E       F      G
               +--------+--------+--------+--------+--------+-----+--------+
         Total |  48524 |  45249 |   3275 |   9593 |  19964 |  37 | 1311.5 |
       Dungeon |  18568 |  17184 |   1384 |   1749 |  10444 |  15 | 1237.9 |
        Temple |     11 |     11 |      0 |      0 |      0 |   1 |   11.0 |
          Lair |   8573 |   8046 |    527 |   1187 |   4929 |   5 | 1714.6 |
         Swamp |   4066 |   3823 |    243 |   1566 |     67 |   4 | 1016.5 |
   Spider Nest |   6677 |   6248 |    429 |   1969 |   2180 |   4 | 1669.2 |
  Orcish Mines |   3204 |   2918 |    286 |    523 |   1587 |   2 | 1602.0 |
   Elven Halls |   4948 |   4544 |    404 |   1463 |    524 |   3 | 1649.3 |
         Sewer |    425 |    425 |      0 |     83 |    122 |   1 |  425.0 |
        Bailey |    414 |    414 |      0 |    192 |      0 |   1 |  414.0 |
      Ice Cave |   1633 |   1633 |      0 |    860 |    110 |   1 | 1633.0 |
               +--------+--------+--------+--------+--------+-----+--------+

Top non-repeatable levels by time:
   Elf:2: 2718 daAuts
  Lair:2: 2479 daAuts
   Orc:2: 2381 daAuts
Spider:3: 2189 daAuts
    D:11: 2011 daAuts
 Swamp:2: 1830 daAuts
  Lair:5: 1807 daAuts
  Lair:3: 1752 daAuts
Spider:4: 1716 daAuts
   IceCv: 1633 daAuts
    D:14: 1605 daAuts
Spider:2: 1464 daAuts
   Elf:1: 1456 daAuts
     D:8: 1455 daAuts
  Lair:1: 1443 daAuts
